Bruins vs Panthers
(R3)
Created - November 24, 2017 at 00:10
Goals
|
| Bruins |
0 |
2 |
1 |
3 |
| Panthers |
0 |
0 |
2 |
2 |
|
Shots
|
| Bruins |
11 |
12 |
8 |
31 |
| Panthers |
12 |
2 |
19 |
33 |
|
1st period
No Goal
Penalties :
Henrik Sedin (Bos) for Holding (Minor) at 5:09, Tim Connolly (Flo) for Holding (Minor) at 11:06, Patrick Eaves (Bos) for High sticking (Minor) at 11:51, Wojtek Wolski (Bos) for Interference (Minor) at 15:11
2nd period
1. Bruins , Alex Tanguay 3 (Marc Savard 8, Patrick Eaves 11) at 1:23
2. Bruins , Jason Demers 2 (Victor Oreskovich 11, Andrew Alberts 7) at 7:57 (PP)
Penalties :
Alex Tanguay (Bos) for Roughing (Minor) at 5:55, Erik Gudbranson (Flo) for Hooking (Minor) at 5:58, Dave Bolland (Bos) for Holding Stick (Minor) at 9:00, William Colbert (Flo) for High sticking (Minor) at 12:10, Scott Gomez (Flo) for Holding (Minor) at 12:32, Alex Tanguay (Bos) for High sticking (Minor) at 17:14
3rd period
3. Bruins , Viktor Stalberg 5 (Dainius Zubrus 2, Casey Cizikas 2) at 9:02
4. Panthers , Guillaume Latendresse 12 (Tim Connolly 27, Ian White 10) at 15:13 (PP)
5. Panthers , Sergei Samsonov 4 (Shawn Horcoff 4, Ian White 11) at 17:27
Penalties :
Shawn Horcoff (Flo) for Hooking (Minor) at 6:35, Daniel Sedin (Flo) for Holding Stick (Minor) at 9:41, Dave Bolland (Bos) for Tripping (Minor) at 12:04, Ryan O'Byrne (Bos) for Holding (Minor) at 14:09
Goalie Stats
Kevin Poulin (Bos), 31 saves from 33 shots - (0.939), W, 4-4-1, 60:00 minutes
Antti Niemi (Flo), 28 saves from 31 shots - (0.903), L, 4-7-2, 59:14 minutes
Players Stats for Bruins
Player Name G A P +/- PIM S H SB GA TA FO MP PP MP PK MP
------------------------------------------------------------------------------------
Adam Pineault 0 0 0 0 0 1 0 1 0 0 1/1 13:10 0:44 2:20
Alex Tanguay 1 0 1 1 4 3 1 0 1 0 1/1 13:11 3:13 1:38
Andrew Alberts 0 1 1 0 0 0 2 0 0 0 0/0 17:40 2:42 0:41
Casey Cizikas 0 1 1 0 0 4 1 0 0 0 3/5 6:38 0:04 1:13
Dainius Zubrus 0 1 1 0 0 0 0 0 0 0 0/1 5:19 0:00 0:00
Dave Bolland 0 0 0 0 4 1 1 0 0 0 2/12 11:11 0:36 0:00
Henrik Sedin 0 0 0 0 2 6 0 3 2 0 7/23 24:20 2:56 5:49
Jason Demers 1 0 1 0 0 2 2 0 0 0 0/0 31:10 3:29 8:03
Kris Chucko 0 0 0 0 0 3 0 0 0 0 0/0 6:17 0:36 0:22
Marc Savard 0 1 1 1 0 3 0 0 1 0 6/10 16:11 3:13 3:07
Mark Stuart 0 0 0 0 0 0 1 3 0 0 0/0 15:51 0:00 3:44
Nate Prosser 0 0 0 0 0 0 0 1 0 0 0/0 8:05 0:47 0:00
Patrick Eaves 0 1 1 1 2 1 1 0 0 1 0/1 11:44 3:18 0:00
Ryan O'Byrne 0 0 0 1 2 1 1 0 0 0 0/0 18:12 3:38 3:44
Travis Hamonic 0 0 0 1 0 0 0 0 0 3 0/0 29:01 3:38 7:22
Victor Oreskovich 0 1 1 0 0 1 0 1 0 1 0/0 21:23 2:59 3:07
Viktor Stalberg 1 0 1 0 0 1 3 1 1 0 0/2 11:14 0:45 0:00
Wojtek Wolski 0 0 0 0 2 4 1 1 2 1 10/18 24:18 2:56 5:58
Players Stats for Panthers
Player Name G A P +/- PIM S H SB GA TA FO MP PP MP PK MP
------------------------------------------------------------------------------------
Alexander Perezhogin 0 0 0 1 0 1 1 0 0 0 1/1 9:48 0:00 0:00
Daniel Sedin 0 0 0 0 2 3 2 0 0 0 0/0 14:54 4:42 0:58
Erik Gudbranson 0 0 0 0 2 3 1 1 0 2 0/0 29:14 6:46 4:23
Guillaume Latendresse 1 0 1 -1 0 3 2 1 1 1 3/3 26:42 7:05 4:04
Ian White 0 2 2 0 0 3 5 0 0 1 0/0 30:36 6:47 4:23
Jeff Tambellini 0 0 0 -1 0 2 0 0 0 0 0/0 6:08 0:00 0:12
Jonathan Matsumoto 0 0 0 -1 0 0 1 0 0 0 2/4 6:11 0:00 0:15
Jonathan Sigalet 0 0 0 0 0 0 1 0 0 1 0/0 21:08 5:00 2:41
Marian Hossa 0 0 0 -1 0 0 2 1 2 0 2/2 22:33 6:24 1:17
Matthew Spiller 0 0 0 0 0 2 2 0 0 2 0/0 21:35 5:00 2:41
Mike Weber 0 0 0 -1 0 0 0 0 0 0 0/0 8:35 0:00 0:03
Peter Prucha 0 0 0 0 0 0 2 0 0 0 0/1 13:05 4:42 0:00
Scott Gomez 0 0 0 0 2 3 3 0 2 0 7/17 16:54 4:42 3:15
Sergei Samsonov 1 0 1 1 0 5 1 0 0 0 1/3 11:45 0:41 0:03
Shawn Horcoff 0 1 1 1 2 2 1 0 1 0 10/14 11:42 0:00 1:50
Tim Connolly 0 1 1 -1 2 5 0 0 0 0 18/29 22:16 7:05 0:34
Tomas Kopecky 0 0 0 -1 0 1 1 1 0 0 0/0 5:56 0:00 0:00
William Colbert 0 0 0 -1 2 0 1 1 0 0 0/0 8:58 0:00 0:11
3 Stars
1 - Ian White (Flo)
2 - Viktor Stalberg (Bos)
3 - Sergei Samsonov (Flo)
Power Play
Bruins - 1 on 6 Attempt(s) - 16.67%
Panthers - 1 on 8 Attempt(s) - 12.50%
Penalty Kill
Bruins - 7 on 8 Attempt(s) - 87.50%
- Score 0 goal in Penalty Kill
Panthers - 5 on 6 Attempt(s) - 83.33%
- Score 0 goal in Penalty Kill
Team Stat
Bruins - Hits : 14 - Faceoff Wins : 30 - Blocked Shots : 11 - Penalty Minutes : 16
Panthers - Hits : 26 - Faceoff Wins : 44 - Blocked Shots : 5 - Penalty Minutes : 12
Official
Referees : Hebert Ghislain and Jackson Dave
Linesman : Lyle Seitz and David Brisebois
Game Notes
5:04 of 2nd period - Bruins goal is going for a video replay. After video review, No Goal. The attacking player has interfered with a goalkeeper in his goal crease.
Finance
Level 1 -- Attendance: 5115 (85.25%) -- Ticket Income $450,120
Level 2 -- Attendance: 4777 (95.54%) -- Ticket Income $262,735
Level 3 -- Attendance: 1143 (57.15%) -- Ticket Income $57,150
Level 4 -- Attendance: 2834 (70.85%) -- Ticket Income $90,688
Luxury Box -- Attendance: 920 (92.00%) -- Ticket Income $133,400
Game was played at the Bank Atlantic Cente.
Total Attendance: 14789 (82.16%)
Total Ticket Income: $994,093
Other Income: $149,114
Total Income: $1,143,207
Bruins
5 vs 5 Forward
Center Left Wing Right Wing Time % Phy DF OF
1 Henrik Sedin Wojtek Wolski Victor Oreskovich 40 1 2 2
2 Marc Savard Alex Tanguay Patrick Eaves 30 1 2 2
3 Dave Bolland Viktor Stalberg Adam Pineault 20 1 2 2
4 Casey Cizikas Kris Chucko Dainius Zubrus 10 1 2 2
5 vs 5 Defense
Defense Defense Time % Phy DF OF
1 Jason Demers Travis Hamonic 40 1 2 2
2 Mark Stuart Andrew Alberts 30 1 2 2
3 Nate Prosser Ryan O'Byrne 20 1 2 2
4 Jason Demers Andrew Alberts 10 1 2 2
PowerPlay Forward
Center Left Wing Right Wing Time % Phy DF OF
1 Henrik Sedin Wojtek Wolski Victor Oreskovich 60 1 2 2
2 Marc Savard Alex Tanguay Patrick Eaves 40 1 2 2
PowerPlay Defense
Defense Defense Time % Phy DF OF
1 Jason Demers Andrew Alberts 60 1 2 2
2 Travis Hamonic Ryan O'Byrne 40 1 2 2
Penalty Kill 4 Players Forward
Center Wing Time % Phy DF OF
1 Wojtek Wolski Henrik Sedin 60 1 2 2
2 Marc Savard Victor Oreskovich 40 1 2 2
Penalty Kill 4 Players Defense
Defense Defense Time % Phy DF OF
1 Jason Demers Travis Hamonic 60 1 2 2
2 Mark Stuart Ryan O'Byrne 40 1 2 2
Penalty Kill - 3 Players Forward
Forward Time % Phy DF OF
1 Wojtek Wolski 60 1 2 2
2 Henrik Sedin 40 1 2 2
Penalty Kill - 3 Players Defense
Defense Defense Time % Phy DF OF
1 Jason Demers Travis Hamonic 60 1 2 2
2 Mark Stuart Ryan O'Byrne 40 1 2 2
4 vs 4 Forward
Center Wing Time % Phy DF OF
1 Wojtek Wolski Henrik Sedin 60 1 2 2
2 Marc Savard Victor Oreskovich 40 1 2 2
4 vs 4 Defense
Defense Defense Time % Phy DF OF
1 Jason Demers Andrew Alberts 60 1 2 2
2 Travis Hamonic Ryan O'Byrne 40 1 2 2
Last Minutes Offensive
Center Left Wing Right Wing Defense Defense
Henrik Sedin Wojtek Wolski Victor Oreskovich Jason Demers Andrew Alberts
Last Minutes Defensive
Center Left Wing Right Wing Defense Defense
Henrik Sedin Wojtek Wolski Victor Oreskovich Jason Demers Travis Hamonic
Goaltenders
Starting : Kevin Poulin
Backup : Roberto Luongo
Extra Forwards
Normal : Viktor Stalberg, Dave Bolland, Adam Pineault - PP : Viktor Stalberg, Dave Bolland - PK : Adam Pineault
Extra Defensemen
Normal : Andrew Alberts, Jason Demers, Travis Hamonic - PP : Nate Prosser - PK : Travis Hamonic, Nate Prosser
Penalty Shots
Wojtek Wolski, Henrik Sedin, Marc Savard, Victor Oreskovich, Alex Tanguay
Scratches
Mike Fisher (Healthy)
Panthers
5 vs 5 Forward
Center Left Wing Right Wing Time % Phy DF OF
1 Tim Connolly Guillaume Latendresse Marian Hossa 40 0 1 4
2 Scott Gomez Daniel Sedin Peter Prucha 30 0 1 4
3 Shawn Horcoff Sergei Samsonov Alexander Perezhogin 20 0 2 3
4 Jonathan Matsumoto Jeff Tambellini Tomas Kopecky 10 1 2 2
5 vs 5 Defense
Defense Defense Time % Phy DF OF
1 Ian White Erik Gudbranson 40 0 2 3
2 Matthew Spiller Jonathan Sigalet 30 0 2 3
3 Mike Weber William Colbert 20 0 3 2
4 Ian White Erik Gudbranson 10 0 2 3
PowerPlay Forward
Center Left Wing Right Wing Time % Phy DF OF
1 Tim Connolly Guillaume Latendresse Marian Hossa 60 1 0 4
2 Scott Gomez Daniel Sedin Peter Prucha 40 1 0 4
PowerPlay Defense
Defense Defense Time % Phy DF OF
1 Ian White Erik Gudbranson 60 1 1 3
2 Matthew Spiller Jonathan Sigalet 40 1 1 3
Penalty Kill 4 Players Forward
Center Wing Time % Phy DF OF
1 Scott Gomez Guillaume Latendresse 60 1 3 1
2 Shawn Horcoff Marian Hossa 40 1 3 1
Penalty Kill 4 Players Defense
Defense Defense Time % Phy DF OF
1 Ian White Erik Gudbranson 60 1 3 1
2 Matthew Spiller Jonathan Sigalet 40 1 3 1
Penalty Kill - 3 Players Forward
Forward Time % Phy DF OF
1 Guillaume Latendresse 60 1 3 1
2 Scott Gomez 40 1 3 1
Penalty Kill - 3 Players Defense
Defense Defense Time % Phy DF OF
1 Ian White Erik Gudbranson 60 1 3 1
2 Matthew Spiller Jonathan Sigalet 40 1 3 1
4 vs 4 Forward
Center Wing Time % Phy DF OF
1 Tim Connolly Guillaume Latendresse 60 0 2 3
2 Scott Gomez Marian Hossa 40 0 2 3
4 vs 4 Defense
Defense Defense Time % Phy DF OF
1 Ian White Erik Gudbranson 60 0 2 3
2 Matthew Spiller Jonathan Sigalet 40 1 2 2
Last Minutes Offensive
Center Left Wing Right Wing Defense Defense
Tim Connolly Guillaume Latendresse Marian Hossa Ian White Erik Gudbranson
Last Minutes Defensive
Center Left Wing Right Wing Defense Defense
Scott Gomez Guillaume Latendresse Peter Prucha Jonathan Sigalet Matthew Spiller
Goaltenders
Starting : Antti Niemi
Backup : Petr Mrazek
Extra Forwards
Normal : Sergei Samsonov, Guillaume Latendresse, Marian Hossa - PP : Daniel Sedin, Guillaume Latendresse - PK : Shawn Horcoff
Extra Defensemen
Normal : Matthew Spiller, Ian White, Erik Gudbranson - PP : Jonathan Sigalet - PK : Matthew Spiller, Erik Gudbranson
Penalty Shots
Guillaume Latendresse, Sergei Samsonov, Jeff Tambellini, Marian Hossa, Peter Prucha
Scratches
Brendan Smith (Left Forearm Injury), Tuomo Ruutu (Healthy)
% Time on Ice - Bruins
Lines # - Real PCT - Wanted PCT - Time Play
Normal Forward
1 - 35% - 40% - 12:57
2 - 23% - 30% - 8:39
3 - 27% - 20% - 10:04
4 - 14% - 10% - 5:19
Normal Defense
1 - 42% - 40% - 15:22
2 - 34% - 30% - 12:40
3 - 20% - 20% - 7:18
4 - 4% - 10% - 1:39
PP Forward
1 - 45% - 60% - 3:14
2 - 55% - 40% - 3:53
PP Defense
1 - 49% - 60% - 3:29
2 - 51% - 40% - 3:38
PK Forward
1 - 74% - 60% - 8:40
2 - 26% - 40% - 3:07
PK Defense
1 - 68% - 60% - 8:03
2 - 32% - 40% - 3:44
PK3 Forward
1 - 0% - 60%
2 - 0% - 40%
PK3 Defense
1 - 0% - 60%
2 - 0% - 40%
44 Forward
1 - 62% - 60% - 1:58
2 - 38% - 40% - 1:12
44 Defense
1 - 53% - 60% - 1:40
2 - 47% - 40% - 1:30
Last Minute Offensive - 0:00
Last Minute Defensive - 0:57
Total
Forward - 60:00
Defense - 60:00
|
% Time on Ice - Panthers
Lines # - Real PCT - Wanted PCT - Time Play
Normal Forward
1 - 35% - 40% - 12:46
2 - 23% - 30% - 8:26
3 - 27% - 20% - 9:48
4 - 16% - 10% - 5:56
Normal Defense
1 - 42% - 40% - 15:32
2 - 34% - 30% - 12:37
3 - 23% - 20% - 8:27
4 - 1% - 10% - 0:20
PP Forward
1 - 60% - 60% - 7:05
2 - 40% - 40% - 4:42
PP Defense
1 - 58% - 60% - 6:47
2 - 42% - 40% - 5:00
PK Forward
1 - 77% - 60% - 4:13
2 - 23% - 40% - 1:17
PK Defense
1 - 63% - 60% - 3:29
2 - 37% - 40% - 2:01
PK3 Forward
1 - 63% - 60% - 1:01
2 - 37% - 40% - 0:36
PK3 Defense
1 - 59% - 60% - 0:57
2 - 41% - 40% - 0:40
44 Forward
1 - 87% - 60% - 2:46
2 - 13% - 40% - 0:24
44 Defense
1 - 99% - 60% - 3:09
2 - 1% - 40% - 0:01
Last Minute Offensive - 1:00
Last Minute Defensive - 0:00
Total
Forward - 60:00
Defense - 60:00
|
Play by Play
1st period
0:01 of 1st period - Tim Connolly wins face-off versus Henrik Sedin in neutral zone.
0:12 of 1st period - Wrist shot by Guillaume Latendresse.
0:12 of 1st period - Shot Blocked by Henrik Sedin.
0:14 of 1st period - Snap shot by Erik Gudbranson.
0:14 of 1st period - Stopped by Kevin Poulin with a rebound.
0:16 of 1st period - Slapshot by Erik Gudbranson.
0:16 of 1st period - Stopped by Kevin Poulin with a rebound.
1:09 of 1st period - Ryan O'Byrne is hit by Matthew Spiller and loses puck.
1:22 of 1st period - Dave Bolland is hit by Jonathan Sigalet and loses puck.
1:33 of 1st period - Tomas Kopecky is hit by Jason Demers and loses puck.
2:33 of 1st period - Slapshot by Kris Chucko.
2:33 of 1st period - Stopped by Antti Niemi without a rebound.
2:34 of 1st period - Tim Connolly wins face-off versus Casey Cizikas in Panthers zone.
2:43 of 1st period - Snap shot by Kris Chucko.
2:43 of 1st period - Stopped by Antti Niemi with a rebound.
2:49 of 1st period - Andrew Alberts is hit by Guillaume Latendresse and loses puck.
3:31 of 1st period - Jonathan Matsumoto is hit by Alex Tanguay and loses puck.
3:47 of 1st period - Jason Demers is hit by Matthew Spiller and loses puck.
4:02 of 1st period - Snap shot by Kris Chucko.
4:02 of 1st period - Shot Misses the Net.
4:04 of 1st period - Slapshot by Ryan O'Byrne.
4:04 of 1st period - Deflect By Casey Cizikas.
4:04 of 1st period - Shot Misses the Net.
4:04 of 1st period - Puck is out of play.
4:05 of 1st period - Tim Connolly wins face-off versus Casey Cizikas in Panthers zone.
4:20 of 1st period - Snap shot by Dainius Zubrus.
4:20 of 1st period - Shot Blocked by William Colbert.
4:44 of 1st period - Snap shot by Scott Gomez.
4:44 of 1st period - Stopped by Kevin Poulin with a rebound.
4:56 of 1st period - Snap shot by Henrik Sedin.
4:56 of 1st period - Stopped by Antti Niemi without a rebound.
4:57 of 1st period - Shawn Horcoff wins face-off versus Henrik Sedin in Panthers zone.
5:09 of 1st period - Minor Penalty to Henrik Sedin for Holding.
5:10 of 1st period - Tim Connolly wins face-off versus Wojtek Wolski in Bruins zone.
7:09 of 1st period - Penalty to Henrik Sedin is over, Henrik Sedin is back on ice.
7:11 of 1st period - Snap shot by Henrik Sedin.
7:11 of 1st period - Shot Misses the Net.
7:19 of 1st period - Slapshot by Ian White.
7:19 of 1st period - Shot Blocked by Victor Oreskovich.
7:21 of 1st period - Snap shot by Sergei Samsonov.
7:21 of 1st period - Stopped by Kevin Poulin without a rebound.
7:22 of 1st period - Shawn Horcoff wins face-off versus Dave Bolland in Bruins zone.
7:29 of 1st period - Shawn Horcoff is hit by Viktor Stalberg and loses puck.
7:53 of 1st period - Snap shot by Alex Tanguay.
7:53 of 1st period - Stopped by Antti Niemi with a rebound.
7:55 of 1st period - Slapshot by Jason Demers.
7:55 of 1st period - Shot Blocked by Tomas Kopecky.
8:29 of 1st period - Snap shot by Daniel Sedin.
8:29 of 1st period - Stopped by Kevin Poulin without a rebound.
8:30 of 1st period - Casey Cizikas wins face-off versus Scott Gomez in Bruins zone.
8:35 of 1st period - Snap shot by Jason Demers.
8:35 of 1st period - Shot Misses the Net.
8:40 of 1st period - Off-side.
8:41 of 1st period - Tim Connolly wins face-off versus Henrik Sedin in neutral zone.
10:05 of 1st period - Off-side.
10:06 of 1st period - Jonathan Matsumoto wins face-off versus Patrick Eaves in neutral zone.
10:24 of 1st period - Marc Savard is hit by Tomas Kopecky and loses puck.
10:39 of 1st period - Snap shot by Tim Connolly.
10:39 of 1st period - Stopped by Kevin Poulin without a rebound.
10:40 of 1st period - Tim Connolly wins face-off versus Viktor Stalberg in Bruins zone.
11:06 of 1st period - Minor Penalty to Tim Connolly for Holding.
11:07 of 1st period - Henrik Sedin wins face-off versus Scott Gomez in Panthers zone.
11:32 of 1st period - Andrew Alberts is hit by Ian White and loses puck.
11:51 of 1st period - Minor Penalty to Patrick Eaves for High sticking.
11:52 of 1st period - Wojtek Wolski wins face-off versus Sergei Samsonov in Bruins zone.
11:52 of 1st period - Wojtek Wolski is hit by Erik Gudbranson.
12:58 of 1st period - Slapshot by Victor Oreskovich.
12:58 of 1st period - Shot Misses the Net.
13:00 of 1st period - Snap shot by Travis Hamonic.
13:00 of 1st period - Shot Blocked by Erik Gudbranson.
13:02 of 1st period - Snap shot by Travis Hamonic.
13:02 of 1st period - Shot Misses the Net.
13:04 of 1st period - Wrist shot by Ryan O'Byrne.
13:04 of 1st period - Deflect By Victor Oreskovich.
13:04 of 1st period - Shot Misses the Net.
13:04 of 1st period - Puck is out of play.
13:05 of 1st period - Wojtek Wolski wins face-off versus Sergei Samsonov in Panthers zone.
13:06 of 1st period - Penalty to Tim Connolly is over, Tim Connolly is back on ice.
13:28 of 1st period - Snap shot by Sergei Samsonov.
13:28 of 1st period - Shot Misses the Net.
13:46 of 1st period - Snap shot by Tim Connolly.
13:46 of 1st period - Deflect By Guillaume Latendresse.
13:46 of 1st period - Stopped by Kevin Poulin without a rebound.
13:47 of 1st period - Marc Savard wins face-off versus Scott Gomez in Bruins zone.
13:51 of 1st period - Penalty to Patrick Eaves is over, Patrick Eaves is back on ice.
13:58 of 1st period - Wrist shot by Marc Savard.
13:58 of 1st period - Stopped by Antti Niemi without a rebound.
13:59 of 1st period - Scott Gomez wins face-off versus Marc Savard in Panthers zone.
14:01 of 1st period - Peter Prucha is hit by Patrick Eaves and loses puck.
14:39 of 1st period - Victor Oreskovich is hit by Jonathan Matsumoto and loses puck.
14:54 of 1st period - Wrist shot by Shawn Horcoff.
14:54 of 1st period - Deflect By Sergei Samsonov.
14:54 of 1st period - Shot Blocked by Adam Pineault.
14:54 of 1st period - Puck is out of play.
14:55 of 1st period - Shawn Horcoff wins face-off versus Dave Bolland in Bruins zone.
14:56 of 1st period - Snap shot by Sergei Samsonov.
14:56 of 1st period - Stopped by Kevin Poulin with a rebound.
15:00 of 1st period - Slapshot by Ian White.
15:00 of 1st period - Stopped by Kevin Poulin without a rebound.
15:01 of 1st period - Tim Connolly wins face-off versus Henrik Sedin in Bruins zone.
15:08 of 1st period - Snap shot by Guillaume Latendresse.
15:08 of 1st period - Stopped by Kevin Poulin without a rebound.
15:09 of 1st period - Wojtek Wolski wins face-off versus Tim Connolly in Bruins zone.
15:11 of 1st period - Minor Penalty to Wojtek Wolski for Interference.
15:12 of 1st period - Adam Pineault wins face-off versus Tim Connolly in Bruins zone.
16:22 of 1st period - Guillaume Latendresse is hit by Casey Cizikas and loses puck.
17:07 of 1st period - Alex Tanguay is hit by Peter Prucha and loses puck.
17:11 of 1st period - Penalty to Wojtek Wolski is over, Wojtek Wolski is back on ice.
17:22 of 1st period - Slapshot by Jason Demers.
17:22 of 1st period - Stopped by Antti Niemi without a rebound.
17:23 of 1st period - Shawn Horcoff wins face-off versus Dave Bolland in Panthers zone.
17:23 of 1st period - Shawn Horcoff is hit by Mark Stuart.
17:26 of 1st period - Icing by Jonathan Sigalet.
17:27 of 1st period - Wojtek Wolski wins face-off versus Shawn Horcoff in Panthers zone.
17:40 of 1st period - Snap shot by Sergei Samsonov.
17:40 of 1st period - Stopped by Kevin Poulin with a rebound.
17:42 of 1st period - Slapshot by Matthew Spiller.
17:42 of 1st period - Stopped by Kevin Poulin without a rebound.
17:43 of 1st period - Marc Savard wins face-off versus Tim Connolly in Bruins zone.
18:17 of 1st period - Slapshot by Dave Bolland.
18:17 of 1st period - Stopped by Antti Niemi with a rebound.
19:21 of 1st period - Snap shot by Kris Chucko.
19:21 of 1st period - Stopped by Antti Niemi without a rebound.
19:22 of 1st period - Casey Cizikas wins face-off versus Scott Gomez in Panthers zone.
19:27 of 1st period - Wrist shot by Dainius Zubrus.
19:27 of 1st period - Shot Misses the Net.
19:29 of 1st period - Wrist shot by Ryan O'Byrne.
19:29 of 1st period - Deflect By Casey Cizikas.
19:29 of 1st period - Stopped by Antti Niemi with a rebound.
19:31 of 1st period - Slapshot by Casey Cizikas.
19:31 of 1st period - Stopped by Antti Niemi without a rebound.
19:32 of 1st period - Scott Gomez wins face-off versus Henrik Sedin in Panthers zone.
19:39 of 1st period - Slapshot by Henrik Sedin.
19:39 of 1st period - Deflect By Ian White.
19:39 of 1st period - Stopped by Antti Niemi without a rebound.
19:40 of 1st period - Marian Hossa wins face-off versus Henrik Sedin in Panthers zone.
19:51 of 1st period - Snap shot by Guillaume Latendresse.
19:51 of 1st period - Shot Misses the Net.
Goals for this period are 0 for Bruins vs 0 for Panthers.
Shots for this period are 11 for Bruins vs 12 for Panthers.
2nd period
0:01 of 2nd period - Henrik Sedin wins face-off versus Tim Connolly in neutral zone.
0:26 of 2nd period - Ian White is hit by Jason Demers and loses puck.
0:31 of 2nd period - Wrist shot by Adam Pineault.
0:31 of 2nd period - Stopped by Antti Niemi with a rebound.
1:19 of 2nd period - Wrist shot by Patrick Eaves.
1:19 of 2nd period - Stopped by Antti Niemi with a rebound.
1:21 of 2nd period - Wrist shot by Marc Savard.
1:21 of 2nd period - Stopped by Antti Niemi with a rebound.
1:23 of 2nd period - Snap shot by Alex Tanguay.
1:23 of 2nd period - Goal by Alex Tanguay - Bruins : 1 - Panthers : 0.
1:24 of 2nd period - Henrik Sedin wins face-off versus Tim Connolly in neutral zone.
1:49 of 2nd period - Daniel Sedin is hit by Dave Bolland and loses puck.
2:12 of 2nd period - Slapshot by Alex Tanguay.
2:12 of 2nd period - Stopped by Antti Niemi without a rebound.
2:13 of 2nd period - Alex Tanguay wins face-off versus Shawn Horcoff in Panthers zone.
2:18 of 2nd period - Snap shot by Marc Savard.
2:18 of 2nd period - Stopped by Antti Niemi without a rebound.
2:19 of 2nd period - Tim Connolly wins face-off versus Wojtek Wolski in Panthers zone.
2:28 of 2nd period - Wrist shot by Victor Oreskovich.
2:28 of 2nd period - Shot Misses the Net.
2:30 of 2nd period - Snap shot by Wojtek Wolski.
2:30 of 2nd period - Stopped by Antti Niemi without a rebound.
2:31 of 2nd period - Tim Connolly wins face-off versus Henrik Sedin in Panthers zone.
2:36 of 2nd period - Snap shot by Erik Gudbranson.
2:36 of 2nd period - Shot Misses the Net.
2:56 of 2nd period - Jason Demers is hit by Ian White and loses puck.
3:16 of 2nd period - Icing by Marc Savard.
3:17 of 2nd period - Shawn Horcoff wins face-off versus Dave Bolland in Bruins zone.
4:08 of 2nd period - Slapshot by Scott Gomez.
4:08 of 2nd period - Stopped by Kevin Poulin with a rebound.
5:02 of 2nd period - Wrist shot by Wojtek Wolski.
5:02 of 2nd period - Shot Misses the Net.
5:04 of 2nd period - Snap shot by Henrik Sedin.
5:04 of 2nd period - Bruins goal is going for a video replay.
5:04 of 2nd period - The goal is refused. The attacking player has interfered with a goalkeeper in his goal crease..
5:05 of 2nd period - Marian Hossa wins face-off versus Henrik Sedin in Panthers zone.
5:13 of 2nd period - Travis Hamonic is hit by William Colbert and loses puck.
5:54 of 2nd period - Snap shot by Wojtek Wolski.
5:54 of 2nd period - Stopped by Antti Niemi without a rebound.
5:55 of 2nd period - Marc Savard wins face-off versus Scott Gomez in Panthers zone.
5:55 of 2nd period - Minor Penalty to Alex Tanguay for Roughing.
5:56 of 2nd period - Scott Gomez wins face-off versus Wojtek Wolski in Bruins zone.
5:58 of 2nd period - Minor Penalty to Erik Gudbranson for Hooking.
5:59 of 2nd period - Tim Connolly wins face-off versus Wojtek Wolski in Panthers zone.
6:04 of 2nd period - Icing by Guillaume Latendresse.
6:05 of 2nd period - Tim Connolly wins face-off versus Wojtek Wolski in Panthers zone.
6:36 of 2nd period - Ryan O'Byrne is hit by Ian White and loses puck.
7:55 of 2nd period - Penalty to Alex Tanguay is over, Alex Tanguay is back on ice.
7:57 of 2nd period - Snap shot by Jason Demers.
7:57 of 2nd period - Goal by Jason Demers - Bruins : 2 - Panthers : 0.
7:58 of 2nd period - Henrik Sedin wins face-off versus Tim Connolly in neutral zone.
8:23 of 2nd period - Alex Tanguay is hit by Daniel Sedin and loses puck.
8:41 of 2nd period - Erik Gudbranson is hit by Viktor Stalberg and loses puck.
8:50 of 2nd period - Backhand shot by Alexander Perezhogin.
8:50 of 2nd period - Stopped by Kevin Poulin with a rebound.
8:52 of 2nd period - Slapshot by Alexander Perezhogin.
8:52 of 2nd period - Shot Misses the Net.
8:54 of 2nd period - Snap shot by Sergei Samsonov.
8:54 of 2nd period - Shot Misses the Net.
9:00 of 2nd period - Minor Penalty to Dave Bolland for Holding Stick.
9:01 of 2nd period - Tim Connolly wins face-off versus Wojtek Wolski in Bruins zone.
10:09 of 2nd period - Ryan O'Byrne is hit by Daniel Sedin and loses puck.
11:00 of 2nd period - Penalty to Dave Bolland is over, Dave Bolland is back on ice.
11:14 of 2nd period - Snap shot by Sergei Samsonov.
11:14 of 2nd period - Shot Blocked by Mark Stuart.
11:16 of 2nd period - Wrist shot by Alexander Perezhogin.
11:16 of 2nd period - Deflect By Shawn Horcoff.
11:16 of 2nd period - Shot Blocked by Mark Stuart.
11:16 of 2nd period - Puck is out of play.
11:17 of 2nd period - Marc Savard wins face-off versus Jonathan Matsumoto in Bruins zone.
12:10 of 2nd period - Minor Penalty to William Colbert for High sticking.
12:11 of 2nd period - Henrik Sedin wins face-off versus Scott Gomez in Panthers zone.
12:32 of 2nd period - Minor Penalty to Scott Gomez for Holding.
12:33 of 2nd period - Guillaume Latendresse wins face-off versus Henrik Sedin in Panthers zone.
13:49 of 2nd period - Icing by Alex Tanguay.
13:50 of 2nd period - Marc Savard wins face-off versus Shawn Horcoff in Bruins zone.
14:10 of 2nd period - Penalty to William Colbert is over, William Colbert is back on ice.
14:32 of 2nd period - Penalty to Scott Gomez is over, Scott Gomez is back on ice.
14:41 of 2nd period - Backhand shot by Erik Gudbranson.
14:41 of 2nd period - Shot Blocked by Viktor Stalberg.
15:20 of 2nd period - Marian Hossa is hit by Wojtek Wolski and loses puck.
15:40 of 2nd period - Shawn Horcoff is hit by Viktor Stalberg and loses puck.
15:57 of 2nd period - Marc Savard is hit by Peter Prucha and loses puck.
16:29 of 2nd period - Slapshot by Wojtek Wolski.
16:29 of 2nd period - Deflect By Henrik Sedin.
16:29 of 2nd period - Stopped by Antti Niemi without a rebound.
16:30 of 2nd period - Scott Gomez wins face-off versus Henrik Sedin in Panthers zone.
16:45 of 2nd period - Snap shot by Henrik Sedin.
16:45 of 2nd period - Stopped by Antti Niemi with a rebound.
17:14 of 2nd period - Minor Penalty to Alex Tanguay for High sticking.
17:15 of 2nd period - Wojtek Wolski wins face-off versus Tim Connolly in Bruins zone.
19:14 of 2nd period - Penalty to Alex Tanguay is over, Alex Tanguay is back on ice.
Goals for this period are 2 for Bruins vs 0 for Panthers.
Shots for this period are 12 for Bruins vs 2 for Panthers.
3rd period
0:01 of 3rd period - Henrik Sedin wins face-off versus Tim Connolly in neutral zone.
1:57 of 3rd period - Alex Tanguay is hit by Scott Gomez and loses puck.
2:04 of 3rd period - Wrist shot by Daniel Sedin.
2:04 of 3rd period - Stopped by Kevin Poulin without a rebound.
2:05 of 3rd period - Henrik Sedin wins face-off versus Peter Prucha in Bruins zone.
2:05 of 3rd period - Henrik Sedin is hit by Scott Gomez.
2:40 of 3rd period - Snap shot by Sergei Samsonov.
2:40 of 3rd period - Shot Misses the Net.
2:46 of 3rd period - Wojtek Wolski is hit by Alexander Perezhogin and loses puck.
3:18 of 3rd period - Snap shot by Wojtek Wolski.
3:18 of 3rd period - Shot Blocked by Marian Hossa.
3:20 of 3rd period - Wrist shot by Henrik Sedin.
3:20 of 3rd period - Stopped by Antti Niemi with a rebound.
4:33 of 3rd period - Mark Stuart is hit by Marian Hossa and loses puck.
4:56 of 3rd period - Backhand shot by Victor Oreskovich.
4:56 of 3rd period - Stopped by Antti Niemi without a rebound.
4:57 of 3rd period - Marc Savard wins face-off versus Scott Gomez in Panthers zone.
5:33 of 3rd period - Slapshot by Sergei Samsonov.
5:33 of 3rd period - Shot Misses the Net.
5:51 of 3rd period - Wrist shot by Tomas Kopecky.
5:51 of 3rd period - Stopped by Kevin Poulin without a rebound.
5:52 of 3rd period - Scott Gomez wins face-off versus Marc Savard in Bruins zone.
5:53 of 3rd period - Wrist shot by Daniel Sedin.
5:53 of 3rd period - Stopped by Kevin Poulin with a rebound.
6:35 of 3rd period - Minor Penalty to Shawn Horcoff for Hooking.
6:36 of 3rd period - Scott Gomez wins face-off versus Marc Savard in Panthers zone.
7:24 of 3rd period - Matthew Spiller is hit by Andrew Alberts and loses puck.
8:13 of 3rd period - Snap shot by Ian White.
8:13 of 3rd period - Deflect By Marian Hossa.
8:13 of 3rd period - Shot Misses the Net.
8:13 of 3rd period - Puck is out of play.
8:14 of 3rd period - Jonathan Matsumoto wins face-off versus Viktor Stalberg in Bruins zone.
8:35 of 3rd period - Penalty to Shawn Horcoff is over, Shawn Horcoff is back on ice.
8:43 of 3rd period - Casey Cizikas is hit by Shawn Horcoff and loses puck.
8:52 of 3rd period - Snap shot by Sergei Samsonov.
8:52 of 3rd period - Shot Misses the Net.
9:02 of 3rd period - Snap shot by Dainius Zubrus.
9:02 of 3rd period - Deflect By Viktor Stalberg.
9:02 of 3rd period - Goal by Viktor Stalberg - Bruins : 3 - Panthers : 0.
9:03 of 3rd period - Tim Connolly wins face-off versus Henrik Sedin in neutral zone.
9:03 of 3rd period - Tim Connolly is hit by Andrew Alberts.
9:07 of 3rd period - Wrist shot by Erik Gudbranson.
9:07 of 3rd period - Shot Blocked by Henrik Sedin.
9:29 of 3rd period - Patrick Eaves is hit by Scott Gomez and loses puck.
9:41 of 3rd period - Minor Penalty to Daniel Sedin for Holding Stick.
9:42 of 3rd period - Scott Gomez wins face-off versus Henrik Sedin in Panthers zone.
10:56 of 3rd period - Snap shot by Jeff Tambellini.
10:56 of 3rd period - Stopped by Kevin Poulin without a rebound.
10:57 of 3rd period - Shawn Horcoff wins face-off versus Henrik Sedin in Bruins zone.
10:58 of 3rd period - Slapshot by Jeff Tambellini.
10:58 of 3rd period - Stopped by Kevin Poulin without a rebound.
10:59 of 3rd period - Guillaume Latendresse wins face-off versus Henrik Sedin in Bruins zone.
11:00 of 3rd period - Wrist shot by Scott Gomez.
11:00 of 3rd period - Stopped by Kevin Poulin with a rebound.
11:08 of 3rd period - Snap shot by Scott Gomez.
11:08 of 3rd period - Shot Blocked by Wojtek Wolski.
11:24 of 3rd period - Erik Gudbranson is hit by Ryan O'Byrne and loses puck.
11:41 of 3rd period - Penalty to Daniel Sedin is over, Daniel Sedin is back on ice.
11:45 of 3rd period - Off-side.
11:46 of 3rd period - Dave Bolland wins face-off versus Jonathan Matsumoto in neutral zone.
12:04 of 3rd period - Minor Penalty to Dave Bolland for Tripping.
12:05 of 3rd period - Tim Connolly wins face-off versus Wojtek Wolski in Bruins zone.
12:16 of 3rd period - Off-side.
12:17 of 3rd period - Wojtek Wolski wins face-off versus Tim Connolly in neutral zone.
12:28 of 3rd period - Slapshot by Erik Gudbranson.
12:28 of 3rd period - Shot Misses the Net.
12:30 of 3rd period - Wrist shot by Marian Hossa.
12:30 of 3rd period - Deflect By Tim Connolly.
12:30 of 3rd period - Shot Misses the Net.
12:30 of 3rd period - Puck is out of play.
12:31 of 3rd period - Wojtek Wolski wins face-off versus Tim Connolly in Bruins zone.
13:26 of 3rd period - Icing by Jonathan Sigalet.
13:27 of 3rd period - Tim Connolly wins face-off versus Marc Savard in Panthers zone.
13:36 of 3rd period - Travis Hamonic is hit by Marian Hossa.
13:47 of 3rd period - Off-side.
13:48 of 3rd period - Wojtek Wolski wins face-off versus Scott Gomez in neutral zone.
14:04 of 3rd period - Penalty to Dave Bolland is over, Dave Bolland is back on ice.
14:09 of 3rd period - Minor Penalty to Ryan O'Byrne for Holding.
14:10 of 3rd period - Tim Connolly wins face-off versus Wojtek Wolski in Bruins zone.
14:15 of 3rd period - Slapshot by Tim Connolly.
14:15 of 3rd period - Stopped by Kevin Poulin with a rebound.
14:17 of 3rd period - Snap shot by Tim Connolly.
14:17 of 3rd period - Stopped by Kevin Poulin with a rebound.
14:19 of 3rd period - Slapshot by Ian White.
14:19 of 3rd period - Stopped by Kevin Poulin without a rebound.
14:20 of 3rd period - Wojtek Wolski wins face-off versus Tim Connolly in Bruins zone.
14:20 of 3rd period - Wojtek Wolski is hit by Ian White.
14:34 of 3rd period - Snap shot by Guillaume Latendresse.
14:34 of 3rd period - Shot Blocked by Henrik Sedin.
14:36 of 3rd period - Snap shot by Tim Connolly.
14:36 of 3rd period - Stopped by Kevin Poulin without a rebound.
14:37 of 3rd period - Wojtek Wolski wins face-off versus Scott Gomez in Bruins zone.
14:37 of 3rd period - Wojtek Wolski is hit by Ian White.
15:13 of 3rd period - Backhand shot by Guillaume Latendresse.
15:13 of 3rd period - Goal by Guillaume Latendresse - Bruins : 3 - Panthers : 1.
15:14 of 3rd period - Sergei Samsonov wins face-off versus Dave Bolland in neutral zone.
15:33 of 3rd period - Viktor Stalberg is hit by Sergei Samsonov and loses puck.
15:52 of 3rd period - Slapshot by Wojtek Wolski.
15:52 of 3rd period - Deflect By Matthew Spiller.
15:52 of 3rd period - Stopped by Antti Niemi with a rebound.
15:54 of 3rd period - Snap shot by Wojtek Wolski.
15:54 of 3rd period - Stopped by Antti Niemi with a rebound.
15:56 of 3rd period - Wrist shot by Wojtek Wolski.
15:56 of 3rd period - Deflect By Guillaume Latendresse.
15:56 of 3rd period - Shot Blocked by Guillaume Latendresse.
15:56 of 3rd period - Puck is out of play.
15:57 of 3rd period - Casey Cizikas wins face-off versus Scott Gomez in Panthers zone.
15:58 of 3rd period - Snap shot by Kris Chucko.
15:58 of 3rd period - Shot Misses the Net.
16:04 of 3rd period - Backhand shot by Casey Cizikas.
16:04 of 3rd period - Stopped by Antti Niemi with a rebound.
16:06 of 3rd period - Slapshot by Nate Prosser.
16:06 of 3rd period - Shot Misses the Net.
16:08 of 3rd period - Slapshot by Ryan O'Byrne.
16:08 of 3rd period - Stopped by Antti Niemi with a rebound.
16:10 of 3rd period - Wrist shot by Ryan O'Byrne.
16:10 of 3rd period - Shot Misses the Net.
16:12 of 3rd period - Snap shot by Casey Cizikas.
16:12 of 3rd period - Stopped by Antti Niemi without a rebound.
16:13 of 3rd period - Shawn Horcoff wins face-off versus Dave Bolland in Panthers zone.
17:11 of 3rd period - Snap shot by Peter Prucha.
17:11 of 3rd period - Deflect By Scott Gomez.
17:11 of 3rd period - Shot Blocked by Nate Prosser.
17:11 of 3rd period - Puck is out of play.
17:12 of 3rd period - Shawn Horcoff wins face-off versus Dave Bolland in Bruins zone.
17:15 of 3rd period - Slapshot by Ian White.
17:15 of 3rd period - Shot Misses the Net.
17:17 of 3rd period - Wrist shot by Sergei Samsonov.
17:17 of 3rd period - Stopped by Kevin Poulin with a rebound.
17:19 of 3rd period - Snap shot by Alexander Perezhogin.
17:19 of 3rd period - Shot Blocked by Mark Stuart.
17:25 of 3rd period - Snap shot by Shawn Horcoff.
17:25 of 3rd period - Stopped by Kevin Poulin with a rebound.
17:27 of 3rd period - Snap shot by Sergei Samsonov.
17:27 of 3rd period - Goal by Sergei Samsonov - Bruins : 3 - Panthers : 2.
17:28 of 3rd period - Shawn Horcoff wins face-off versus Dave Bolland in neutral zone.
17:38 of 3rd period - Off-side.
17:39 of 3rd period - Alexander Perezhogin wins face-off versus Dave Bolland in neutral zone.
17:42 of 3rd period - Snap shot by Shawn Horcoff.
17:42 of 3rd period - Stopped by Kevin Poulin without a rebound.
17:43 of 3rd period - Shawn Horcoff wins face-off versus Dave Bolland in Bruins zone.
17:58 of 3rd period - Wrist shot by Adam Pineault.
17:58 of 3rd period - Shot Misses the Net.
18:08 of 3rd period - Slapshot by Erik Gudbranson.
18:08 of 3rd period - Stopped by Kevin Poulin without a rebound.
18:09 of 3rd period - Tim Connolly wins face-off versus Dainius Zubrus in Bruins zone.
18:40 of 3rd period - Slapshot by Matthew Spiller.
18:40 of 3rd period - Stopped by Kevin Poulin without a rebound.
18:41 of 3rd period - Dave Bolland wins face-off versus Shawn Horcoff in Bruins zone.
19:11 of 3rd period - Victor Oreskovich is hit by Guillaume Latendresse and loses puck.
19:14 of 3rd period - Panthers, Antti Niemi is pulled from the net.
19:20 of 3rd period - Snap shot by Marian Hossa.
19:20 of 3rd period - Shot Misses the Net.
19:22 of 3rd period - Snap shot by Ian White.
19:22 of 3rd period - Stopped by Kevin Poulin without a rebound.
19:23 of 3rd period - Alain Vigneault call a timeout for Panthers.
19:23 of 3rd period - Guillaume Latendresse wins face-off versus Henrik Sedin in Bruins zone.
19:34 of 3rd period - Wrist shot by Tim Connolly.
19:34 of 3rd period - Stopped by Kevin Poulin without a rebound.
19:35 of 3rd period - Tim Connolly wins face-off versus Henrik Sedin in Bruins zone.
Goals for this period are 1 for Bruins vs 2 for Panthers.
Shots for this period are 8 for Bruins vs 19 for Panthers.
Back to the Top